 Dungeon Crawl Stone Soup version 0.27.1-1-g398f81649c (webtiles) character file.

Game seed: 1357347670653233710

48770 Metae the Protected (level 14, -1/129 HPs)
             Began as a Minotaur Fighter on Sept 18, 2021.
             Was a High Priest of Okawaru.
             Slain by a black mamba (18 damage)
             ... on level 6 of the Lair of Beasts.
             The game lasted 01:12:33 (23086 turns).

Metae the Protected (Minotaur Fighter)             Turns: 23086, Time: 01:12:34

Health: -1/129     AC: 23    Str: 31    XL:     14   Next: 13%
Magic:  15/19      EV:  9    Int:  5    God:    Okawaru [*****.]
Gold:   959        SH:  0    Dex: 11    Spells: 13/13 levels left

rFire    + . .     SeeInvis .   I - +7 trident (venom)
rCold    . . .     Faith    .   c - +0 kite shield
rNeg     . . .     Spirit   .   M - +3 plate armour {rF+}
rPois    +         Reflect  .   (helmet restricted)
rElec    .         Harm     .   q - scarf {shadows}
rCorr    .         Rampage  .   S - +1 pair of gloves
Will     +....                  t - +0 pair of boots
Stlth    ..........             (no amulet)
HPRegen  0.31/turn              r - ring of poison resistance
MPRegen  0.16/turn              x - ring "Daokhleorr" {Wiz Str+6}

@: sleeping, finesse-ful
A: horns 2, retaliatory headbutt
a: Renounce Religion, Heroism, Finesse


You were on level 6 of the Lair of Beasts.
You worshipped Okawaru.
Okawaru was extremely pleased with you.
You visited 3 branches of the dungeon, and saw 16 of its levels.

You collected 987 gold pieces.
You spent 28 gold pieces at shops.

Inventory:

Hand Weapons
 d - a +1 vorpal broad axe
 j - a +1 demon trident
 H - a +0 fustibalus
 I - a +7 trident of venom (weapon)
 U - a +1 scimitar of draining
Missiles
 w - 11 throwing nets (quivered)
 O - 61 sling bullets
 X - 5 silver boomerangs
Armour
 c - a +0 kite shield (worn)
 q - a scarf of shadows (worn)
 t - a +0 pair of boots (worn)
 M - a +3 plate armour of fire resistance (worn)
 R - +0 steam dragon scales
 S - a +1 pair of gloves (worn)
Jewellery
 i - a ring of resist corrosion
 r - a ring of poison resistance (left hand)
 x - the ring "Daokhleorr" (right hand) {Wiz Str+6}
   (You found it on level 5 of the Dungeon)

   [ring of wizardry]

   It improves your spell success rate.
   Str:       It affects your strength (+6).
 E - a ring of flight
Wands
 b - a wand of polymorph (13)
 l - a wand of flame (8)
 n - a wand of paralysis (27)
 y - a wand of mindburst (47)
 G - a wand of digging (7)
 Q - a wand of charming (6)
 W - a wand of acid (22)
 Z - a wand of iceblast (22)
Scrolls
 a - a scroll of identify
 p - 5 scrolls of teleportation
 s - 3 scrolls of summoning
 v - 2 scrolls of amnesia
 A - 2 scrolls of immolation
 D - 4 scrolls of fear
 F - 4 scrolls of magic mapping
 N - a scroll of brand weapon {unknown}
 Y - a scroll of blinking
Potions
 e - 5 potions of degeneration
 f - 2 potions of invisibility {unknown}
 g - 3 potions of curing
 h - 3 potions of flight
 k - 2 potions of attraction {unknown}
 m - 2 potions of mutation
 C - 4 potions of lignification
 K - 4 potions of brilliance
 L - a potion of magic {unknown}
 P - a potion of might
 T - a potion of resistance {unknown}
 V - 2 potions of ambrosia
Miscellaneous
 u - a piece from Xom's chessboard (15/15)


   Skills:
 + Level 13.0 Fighting
 - Level 8.3(10.5) Axes
 + Level 10.2(11.4) Polearms
 + Level 13.1 Armour
 + Level 2.8 Dodging
 + Level 13.0 Shields
 + Level 8.5 Invocations
 - Level 8.5 Evocations


You had 13 spell levels left.
You didn't know any spells.
Your spell library contained the following spells:

 Spells                   Type           Power      Damage    Failure   Level
 Pain                     Necr           0%         1d4       80%         1
 Sting                    Tmut/Pois      0%         1d3       80%         1
 Poisonous Vapours        Pois/Air       0%         N/A       90%         2
 Slow                     Hex            0%         N/A       90%         2
 Static Discharge         Conj/Air       0%         N/A       90%         2
 Call Canine Familiar     Summ           0%         N/A       98%         3
 Confusing Touch          Hex            0%         N/A       98%         3
 Conjure Flame            Conj/Fire      0%         6-21      98%         3
 Dazzling Flash           Conj/Hex       0%         N/A       98%         3
 Gell's Gravitas          Tloc           0%         N/A       98%         3
 Ignite Poison            Fire/Tmut/Pois 0%         N/A       98%         3
 Lesser Beckoning         Tloc           0%         N/A       98%         3
 Ozocubu's Armour         Ice            0%         N/A       98%         3
 Portal Projectile        Hex/Tloc       0%         N/A       98%         3
 Teleport Other           Tloc           0%         N/A       98%         3
 Vampiric Draining        Necr           0%         2d6       98%         3
 Animate Dead             Necr           0%         N/A       100%        4
 Dispel Undead            Necr           0%         3d6       100%        4
 Iskenderun's Mystic Bla  Conj/Tloc      0%         2d3       100%        4
 Leda's Liquefaction      Hex/Erth       0%         N/A       100%        4
 Olgreb's Toxic Radiance  Pois           0%         N/A       100%        4
 Sticky Flame             Conj/Fire      0%         2d3       100%        4
 Agony                    Necr           0%         N/A       100%        5
 Borgnjor's Vile Clutch   Necr/Erth      0%         N/A       100%        5
 Excruciating Wounds      Necr           0%         N/A       100%        5
 Metabolic Englaciation   Hex/Ice        0%         N/A       100%        5
 Death Channel            Necr           0%         N/A       100%        6
 Simulacrum               Ice/Necr       0%         N/A       100%        6
 Starburst                Conj/Fire      0%         6d3       100%        6


Dungeon Overview and Level Annotations

Branches:
Dungeon (9/15)             Temple (1/1) D:7            Lair (6/6) D:9
  Swamp (0/4) Lair:4       Spider (0/4) Lair:2        Slime (0/5) Lair:6
    Orc: D:9-12

Altars:
Ashenzari
Cheibriados
Dithmenos
Elyvilon
Fedhas
Gozag
Hepliaklqana
Nemelex Xobeh
Okawaru
Ru
Trog
Vehumet
Yredelemnul
Zin
The Shining One

Shops:
D:2 *:!?   D:5 *


Innate Abilities, Weirdness & Mutations

You have a pair of horns on your head.
You reflexively headbutt those who attack you in melee.


Message History

The black mamba misses you. The black mamba closely misses you.
The black mamba barely misses you. The black mamba bites you!!
You wake up.
* * * LOW HITPOINT WARNING * * *
You block the dream sheep's attack. You block the komodo dragon's attack.
You block the black mamba's attack. The dream sheep bites you.
* * * LOW HITPOINT WARNING * * *
You feel much better. You block the black mamba's attack.
The dream sheep bites you but does no damage.
The dream sheep bites you!
* * * LOW HITPOINT WARNING * * *
The black mamba bites you but does no damage.
You block the dream sheep's attack.
The black mamba bites you but does no damage.
The dream sheep are wreathed in dream dust.
You feel drowsy...
You fall asleep.
The black mamba closely misses you. The black mamba bites you!!
You wake up.
* * * LOW HITPOINT WARNING * * *
You are lethally poisoned!
The black mamba poisons you!
The komodo dragon bites you but does no damage.
You block the black mamba's attack.
You feel better. The komodo dragon barely misses you.
The black mamba barely misses you. You furiously retaliate!
You headbutt the black mamba! You block the dream sheep's attack.
You can now deal lightning-fast blows.
The black mamba bites you!
* * * LOW HITPOINT WARNING * * *
You block the komodo dragon's attack.
The dream sheep bites you but does no damage.
The black mamba bites you but does no damage.
The black mamba barely misses you.
The black mamba bites you but does no damage.
The black mamba misses you.
The dream sheep shake their wool and sparkle.
You feel drowsy...
You fall asleep.
The black mamba misses you. The black mamba bites you!!
You die...

##.........## ♣♣
#...........## ##♣P.
####.........♣♣###♣.P..
#..................##
#....†...............
#P...................
##........#.P..##P...
##P.†(.P.#########...
#PPP@###.########.#..
###.YS## ####..PP.#....
##....Y.####P..........#
#.....lP#..............#
##......Y.............
#.#....Y.............# #
#P..........(.......
####..................#
#..................#..#


You could see a komodo dragon, a black mamba and 2 dream sheep.

Vanquished Creatures
  4 hydras
  A boulder beetle (Lair:4)
  12 death yaks
  Sonja (Lair:5)
  The ghost of Nanban the Slicer, a novice OpDe of Dithmenos (D:7)
  The ghost of Metae the Covered, a novice MiFi (D:6)
  Pikel (D:7)
  An orb spider (Lair:2)
  A manticore (D:9)
  14 elephants
  Joseph (D:7)
  A torpor snail (Lair:4)
  10 cane toads
  3 black mambas
  5 komodo dragons
  2 rime drakes (Lair:5)
  2 kobold demonologists (D:9)
  A hornet (D:9)
  25 blink frogs
  A shadow (D:9)
  6 wyverns
  A vampire (D:9)
  6 basilisks
  59 yaks
  A steam dragon (D:8)
  2 swamp worms (Lair:4)
  14 water moccasins
  3 ice beasts
  A sky beast (D:6)
  A black bear (D:4)
  3 necrophages
  11 wolves
  An ogre (D:5)
  3 centaurs
  2 lemures (D:7)
  10 kobold brigands
  3 phantoms
  20 bullfrogs
  4 gnoll sergeants
  4 scorpions
  A water moccasin zombie (D:5)
  A wyvern zombie (D:7)
  A wyvern skeleton (D:6)
  4 killer bees (D:7)
  3 wights (D:8)
  5 electric eels
  4 howler monkeys
  2 jellies (Lair:6)
  7 hounds
  4 iguanas
  3 gnoll shamans (D:5)
  3 orc wizards
  12 hell rats
  3 howler monkey zombies
  Robin (D:2)
  28 gnolls
  8 adders
  2 howler monkey skeletons
  A shadow imp (D:5)
  An ufetubus (D:5)
  4 dart slugs
  3 worms (D:2)
  14 orcs
  5 ball pythons
  5 bats
  13 endoplasms
  2 giant cockroaches (D:2)
  14 goblins
  8 hobgoblins
  4 jackals (D:5)
  2 quokkas
  3 frilled lizards (D:2)
  16 kobolds
  7 rats
437 creatures vanquished.

Vanquished Creatures (others)
  A bush (D:9)
  31 fungi
  143 plants
  4 withered plants (Lair:6)
179 creatures vanquished.

Grand Total: 616 creatures vanquished

Notes
Turn   | Place    | Note
-------+----------+-------------------------------------------
     0 | D:1      | Metae the Minotaur Fighter began the quest for the Orb.
     0 | D:1      | Reached XP level 1. HP: 19/19 MP: 0/0
   336 | D:1      | Reached XP level 2. HP: 23/27 MP: 1/1
   772 | D:2      | Found Xaokuedytz's Assorted Antiques.
   776 | D:2      | Reached XP level 3. HP: 25/33 MP: 2/2
  1277 | D:2      | Found Ylef's Magic Scroll Shoppe.
  1286 | D:2      | Found Zyker's Distillery.
  1289 | D:2      | Bought a scroll of identify for 28 gold pieces
  1362 | D:2      | Noticed Robin
  1373 | D:2      | Killed Robin
  1374 | D:2      | Reached XP level 4. HP: 36/41 MP: 3/3
  1387 | D:2      | Found Gyubaom's Book Boutique.
  1392 | D:2      | Found a faded altar of an unknown god.
  2513 | D:4      | Reached XP level 5. HP: 43/47 MP: 4/4
  2984 | D:4      | Reached skill level 5 in Fighting
  2984 | D:4      | Reached skill level 5 in Shields
  2986 | D:4      | Reached skill level 5 in Armour
  3090 | D:4      | Noticed a phantom
  3097 | D:4      | Killed a phantom
  3098 | D:4      | Reached XP level 6. HP: 37/56 MP: 5/5
  3443 | D:5      | Entered Level 5 of the Dungeon
  3469 | D:4      | Reached skill level 5 in Axes
  3676 | D:5      | Reached XP level 7. HP: 57/62 MP: 6/6
  3900 | D:5      | Identified the ring "Daokhleorr" {Wiz Str+6}
  4532 | D:5      | Reached XP level 8. HP: 71/71 MP: 7/7
  4558 | D:5      | Reached skill level 1 in Evocations
  4958 | D:5      | Found a shadowy altar of Dithmenos.
  4961 | D:5      | Found Fiugen's Assorted Antiques.
  6266 | D:6      | Found an opulent altar of Gozag.
  6305 | D:6      | Found a glowing silver altar of Zin.
  6413 | D:6      | Reached XP level 9. HP: 26/80 MP: 8/8
  6934 | D:6      | Found a runed translucent gate.
  6934 | D:6      | Found a runed translucent gate.
  6936 | D:6      | Found a runed translucent gate.
  6937 | D:6      | Noticed Metae's ghost (novice MiFi)
  7280 | D:6      | Killed Metae's ghost
  7656 | D:7      | Noticed Pikel
  7680 | D:7      | Killed Pikel
  7857 | D:7      | Found a staircase to the Ecumenical Temple.
  8014 | Temple   | Entered the Ecumenical Temple
  8544 | Temple   | Became a worshipper of Warmaster Okawaru
  8691 | D:7      | Noticed Joseph
  8730 | D:7      | Killed Joseph
  8731 | D:7      | Reached skill level 1 in Polearms
  8731 | D:7      | Reached XP level 10. HP: 65/90 MP: 9/9
  9015 | D:7      | Reached skill level 1 in Invocations
  9123 | D:7      | Found a runed translucent gate.
  9124 | D:7      | Found a runed translucent gate.
  9124 | D:7      | Noticed Nanban's ghost (novice OpDe)
  9125 | D:7      | Found a runed translucent gate.
  9404 | D:7      | Reached * piety under Okawaru
 10213 | D:9      | Reached ** piety under Okawaru
 10214 | D:9      | Reached skill level 5 in Evocations
 10420 | D:9      | Found a staircase to the Lair.
 10448 | D:9      | Reached *** piety under Okawaru
 10827 | D:9      | Noticed a manticore
 10837 | D:9      | Killed a manticore
 11000 | D:9      | Reached XP level 11. HP: 99/99 MP: 12/12
 11130 | D:9      | Reached skill level 10 in Fighting
 11134 | D:9      | Reached skill level 10 in Shields
 11141 | D:9      | Reached **** piety under Okawaru
 11145 | D:9      | Reached skill level 10 in Armour
 11152 | D:9      | Reached skill level 5 in Polearms
 11680 | D:7      | Killed Nanban's ghost
 12149 | Lair:1   | Entered Level 1 of the Lair of Beasts
 12340 | Lair:1   | Received a gift from Okawaru
 13078 | Lair:2   | Reached ***** piety under Okawaru
 13270 | Lair:2   | Reached skill level 5 in Invocations
 13420 | Lair:2   | Found a hole to the Spider Nest.
 13420 | Lair:2   | Noticed an orb spider
 13438 | Lair:2   | Killed an orb spider
 14138 | Lair:2   | Reached XP level 12. HP: 83/108 MP: 15/15
 14324 | Lair:2   | Received a gift from Okawaru
 15207 | Lair:3   | Noticed a death yak
 15207 | Lair:3   | Noticed a death yak
 15208 | Lair:3   | Noticed a death yak
 15352 | Lair:2   | Killed a death yak
 15364 | Lair:2   | Killed a death yak
 15768 | Lair:3   | Killed a death yak
 16267 | Lair:3   | Noticed a death yak
 16267 | Lair:3   | Noticed a death yak
 16267 | Lair:3   | Noticed a death yak
 16284 | Lair:3   | Killed a death yak
 16291 | Lair:3   | Killed a death yak
 16297 | Lair:3   | Killed a death yak
 17257 | Lair:3   | Received a gift from Okawaru
 17639 | Lair:4   | Noticed a five-headed hydra
 17759 | Lair:3   | Killed a five-headed hydra
 17760 | Lair:3   | Reached XP level 13. HP: 60/112 MP: 17/17
 18306 | Lair:4   | Found a staircase to the Swamp.
 20239 | Lair:5   | Noticed Sonja
 20270 | Lair:5   | Killed Sonja
 20349 | Lair:5   | Received a gift from Okawaru
 21126 | Lair:6   | Entered Level 6 of the Lair of Beasts
 21440 | Lair:6   | Found a staircase to the Slime Pits.
 21514 | Lair:5   | Reached skill level 1 in Dodging
 22444 | Lair:6   | Received a gift from Okawaru
 22445 | Lair:6   | Reached skill level 10 in Polearms
 22455 | Lair:6   | Reached XP level 14. HP: 30/127 MP: 16/19
 23086 | Lair:6   | Slain by a black mamba

Illustrated notes

Levels and vault maps discovered:
D:1:      roderic_crop_circles_arrival_small, layout_basic
D:2:      layout_loops_ring, ebering_ecumenical_altar_rust, serial_shops, shop,
          shop, shop, shop, uniq_robin
D:3:      layout_rooms, serial_bayou_crossing
D:4:      layout_loops_ring, kennysheep_generic_room_9
D:5:      layout_cave_pools, grunt_dithmenos_smoke_and_mirrors,
          serial_gnoll_camp, gnoll_camp_mini_hut, gnoll_camp_mini_house,
          gnoll_camp_mini_loothouse, gnoll_camp_mini_basic,
          gnoll_camp_mini_shop, gnoll_camp_medium_02, minmay_joined_circles
D:6:      layout_gridville, pdpol_temple_overflow_zin_treasury_gozag_greed,
          ebering_ghost_rock_garden, minmay_misc_feat_room
D:7:      layout_rooms, minmay_temple_entry_overgrown,
          gammafunk_ghost_nasty_kobolds, nrook_pool_corridor,
          minmay_misc_feat_plants, uniq_joseph, uniq_pikel
D:8:      layout_rooms
D:9:      layout_loops_ring, minmay_lair_entry_grove, kb_lookout_dungeons_type
Temple:   minmay_temple_forest_path
Lair:1:   layout_cave_shapes
Lair:2:   layout_layer_cave, nicolae_spider_entry_orb_guardian,
          grunt_megastairs_1
Lair:3:   layout_misc_corridors, minmay_hedge_maze, serial_bayou_shore_a
Lair:4:   layout_small_grid, minmay_swamp_entry_worms, beast_lair_carwin_11
Lair:5:   layout_cave_pods, lemuel_fruit_tree, uniq_sonja
Lair:6:   due_jungle_book, layout_cave_pods, nicolae_slime_entry_slimehenge,
          serial_bayou, serial_bayou_pond_b, serial_bayou_lagoon_a,
          serial_bayou_shore_b, serial_bayou_lake_a, serial_bayou_pond_e

Skill      XL: |  1  2  3  4  5  6  7  8  9 10 11 12 13 14 |
---------------+-------------------------------------------+-----
Fighting       | 4 5 6 7 8 9 10 11 12 13 | 13.0
Shields        | 4 5 6 7 8 9 10 12 13 | 13.0
Axes           | 3 4 5 6 7 8 |  8.3
Armour         | 4 5 6 7 8 9 10 12 13 | 13.1
Evocations     | 2 4 5 6 7 8 |  8.5
Polearms       | 1 4 6 8 10 | 10.2
Invocations    | 3 5 7 8 |  8.5
Dodging        | 2 |  2.8

Action                   |  1- 3 |  4- 6 |  7- 9 | 10-12 | 13-15 || total
-------------------------+-------+-------+-------+-------+-------++-------
Melee: War axe           |    71 |    93 |   271 |       |       ||   435
       Headbutt          |    13 |     9 |    61 |   155 |    99 ||   337
       Trident           |       |       |    12 |   590 |   401 ||  1003
Throw: Throwing net      |       |       |       |       |     1 ||     1
Invok: Heroism           |       |       |       |     3 |     3 ||     6
       Finesse           |       |       |       |       |     1 ||     1
Evoke: Wand              |       |       |     1 |     5 |     4 ||    10
  Use: Scroll            |       |     6 |     8 |    11 |     5 ||    30
       Potion            |       |       |     2 |     1 |     4 ||     7
 Stab: Held in net/web   |       |       |       |       |     1 ||     1
Armor: Scale mail        |    15 |       |       |       |       ||    15
       Chain mail        |    28 |    69 |    97 |       |       ||   194
       Plate armour      |       |       |    45 |   316 |   198 ||   559
Dodge: Dodged            |    22 |    34 |    85 |   185 |   125 ||   451
Block: Kite shield       |    52 |    62 |   186 |   423 |   271 ||   994
